Map: [ESL] Site Delta

Players

Scarlett

  • Race: Zerg Zerg
  • Spawn Location: 5:00

ShoWTimE - Winner!

  • Race: Protoss Protoss
  • League: Master
  • Spawn Location: 11:00

Event: IEM Katowice 2024

VOD

Have the link to the VOD?

Description

Time

  • Played on: Dec. 8, 2023, 12:37 p.m.
  • Length: 34:08

All games in this series

Show
View Real Time Build Order
Export as new Build Order

Scarlett Zerg 

Build Orders: Hatch First 

Get SALT Encoding   

  12  0:00  Drone  
  13  0:12  Overlord  
  13  0:17  Drone  
  14  0:31  Drone x2  
  16  0:43  Drone  
  17  0:51  Hatchery  
  17  0:54  Drone  
  17  0:57  Drone  
  18  1:09  Extractor  
  17  1:13  Spawning Pool  
  17  1:17  Drone  
  17  1:19  Drone  
  18  1:28  Drone  
  19  1:39  Drone  
  20  1:49  Overlord  
  20  2:00  Queen  
  22  2:03  Zergling x2, Drone, Queen  
  26  2:12  Zergling x2  
  26  2:13  Metabolic Boost  
  26  2:14  Drone  
  29  2:22  Drone  
  29  2:24  Drone  
  30  2:36  Zergling x2  
  31  2:39  Queen  
  31  2:44  Hatchery  
  32  2:46  Drone  
  32  2:49  Overlord  
  33  2:54  Zergling x2  
  33  2:56  Zergling x2  
  35  3:04  Zergling x2  
  36  3:09  Queen  
  36  3:11  Overlord  
  36  3:12  Drone x2  
  40  3:15  Drone  
  37  3:35  Drone x5  
  42  3:41  Drone x4  
  42  3:47  Spore Crawler  
  44  3:52  Drone x4  
  48  3:57  Queen  
  49  4:07  Drone x4  
  51  4:10  Queen  
  51  4:14  Drone  
  51  4:15  Drone x2  
  56  4:20  Overlord  
  56  4:23  Drone  
  57  4:26  Spore Crawler  
  57  4:27  Drone x2  
  58  4:31  Evolution Chamber  
  58  4:35  Spore Crawler  
  56  4:40  Zergling x12  
  61  4:50  Drone x4  
  61  4:51  Overlord  
  65  4:56  Overlord  
  65  4:57  Zerg Melee Weapons Level 1  
  65  5:11  Drone x10  
  71  5:17  Hatchery  
  71  5:18  Drone  
  71  5:20  Drone  
  72  5:24  Drone x3  
  75  5:29  Drone x5  
  78  5:36  Drone x2  
  78  5:40  Lair  
  78  5:42  Extractor  
  78  5:43  Extractor  
  78  5:47  Drone x5  
  79  5:51  Drone  
  79  5:54  Extractor  
  79  5:58  Drone x2, Overlord  
  79  6:02  Overlord  
  79  6:03  Overlord  
  81  6:04  Roach Warren  
  81  6:08  Extractor, Overlord  
  81  6:09  Drone  
  81  6:10  Drone x3, Extractor  
  80  6:14  Drone x4  
  81  6:23  Drone  
  82  6:31  Queen  
  82  6:32  Drone x2  
  85  6:34  Zergling x12  
  91  6:43  Drone  
  91  6:44  Hatchery  
  91  6:47  Roach x5  
  91  6:48  Glial Reconstitution  
  91  6:53  Roach x5  
  111  6:54  Infestation Pit  
  111  6:55  Zerg Melee Weapons Level 2  
  110  7:07  Overlord x2  
  120  7:08  Roach x5  
  120  7:19  Overlord x3  
  120  7:20  Overlord x2  
  120  7:22  Overseer  
  119  7:34  Roach x8  
  119  7:36  Overlord x2  
  135  7:42  Hive  
  135  7:45  Drone x4  
  135  7:48  Drone  
  135  7:50  Baneling Nest  
  139  7:52  Drone x4  
  139  7:56  Ravager x6  
  149  8:01  Drone x5  
  149  8:03  Drone  
  149  8:04  Evolution Chamber  
  154  8:11  Drone  
  154  8:12  Drone x6  
  156  8:19  Overseer  
  156  8:23  Extractor  
  156  8:24  Extractor  
  154  8:29  Spine Crawler  
  154  8:32  Overlord x2  
  153  8:35  Zerg Ground Armor Level 1, Centrifugal Hooks  
  153  8:38  Overlord  
  153  8:39  Overlord  
  153  8:42  Zergling x24  
  165  8:53  Spore Crawler  
  165  8:54  Viper x2  
  165  8:55  Ultralisk Cavern  
  169  9:00  Adrenal Glands  
  169  9:04  Zergling x26  
  182  9:13  Zerg Melee Weapons Level 3  
  182  9:28  Baneling x12  
  170  10:00  Chitinous Plating, Spine Crawler  
  170  10:01  Ultralisk x2  
  170  10:02  Spine Crawler  
  170  10:03  Drone x3  
  179  10:07  Overlord x2  
  179  10:09  Ultralisk  
  179  10:12  Spine Crawler  
  179  10:13  Drone x3, Spine Crawler x2  
  185  10:14  Spine Crawler  
  185  10:17  Ultralisk  
  185  10:18  Zergling x18  
  190  10:43  Zergling x8, Ultralisk  
  190  10:46  Spire  
  199  10:53  Zerg Ground Armor Level 2  
  184  11:15  Ultralisk x3  
  200  11:18  Anabolic Synthesis  
  200  11:29  Spine Crawler  
  197  11:38  Ravager  
  197  11:39  Ravager  
  199  11:50  Overseer x2  
  196  12:03  Greater Spire  
  196  12:05  Ultralisk  
  196  12:08  Extractor  
  195  12:09  Extractor  
  190  12:15  Zergling x20  
  190  12:19  Burrow  
  190  12:20  Neural Parasite  
  190  12:21  Overseer, Hatchery  
  193  12:49  Drone x6  
  199  12:55  Hatchery  
  199  12:57  Spine Crawler x2  
  199  12:58  Spine Crawler  
  193  13:02  Spine Crawler  
  192  13:05  Corruptor x4  
  192  13:09  Baneling x14  
  192  13:10  Spore Crawler  
  197  13:26  Zerg Flyer Weapons Level 1  
  193  13:34  Zerg Ground Armor Level 3, Zerg Missile Weapons Level 1  
  193  13:39  Zergling x26  
  196  13:49  Pneumatized Carapace, Overseer  
  196  13:50  Overseer  
  180  14:10  Zergling x38  
  180  14:14  Spire  
  178  14:24  Brood Lord x4  
  182  14:32  Drone x5, Spine Crawler  
  182  14:33  Spine Crawler  
  182  14:34  Spine Crawler x2  
  183  14:38  Drone x3, Spine Crawler  
  183  14:41  Spine Crawler x2  
  183  14:43  Spine Crawler  
  183  14:44  Zergling x36  
  200  14:46  Baneling x12  
  168  15:10  Ultralisk x5  
  168  15:11  Zergling x18, Ultralisk  
  189  15:24  Zergling x22  
  195  15:47  Zerg Flyer Weapons Level 2  
  195  15:48  Zerg Flyer Armor Level 1  
  194  15:50  Hatchery  
  194  15:53  Baneling x10  
  193  15:59  Infestor x3  
  169  16:18  Ultralisk x3  
  169  16:19  Ultralisk x3  
  185  16:52  Zergling x28  
  199  16:57  Overlord x2  
  199  17:11  Hatchery  
  196  17:18  Hatchery  
  187  17:36  Corruptor x6  
  199  17:42  Spine Crawler  
  190  17:44  Spine Crawler  
  190  17:48  Spine Crawler  
  188  17:53  Extractor  
  188  17:54  Hatchery  
  188  17:57  Extractor  
  185  18:06  Infestor x2  
  188  18:30  Spine Crawler  
  188  18:32  Drone x3, Spine Crawler  
  188  18:33  Drone  
  187  18:38  Drone  
  188  18:41  Overseer  
  188  18:43  Zerg Flyer Armor Level 2  
  188  18:44  Zerg Flyer Weapons Level 3  
  181  18:58  Corruptor x3  
  181  19:00  Brood Lord  
  181  19:01  Corruptor x3, Brood Lord x2  
  199  19:12  Infestor x3  
  199  19:35  Spine Crawler  
  199  19:38  Spore Crawler  
  197  19:40  Spore Crawler x2  
  195  19:48  Spine Crawler  
  195  19:50  Spine Crawler  
  193  20:01  Hatchery  
  193  20:06  Corruptor x4  
  196  21:15  Spore Crawler  
  196  21:16  Spine Crawler  
  194  21:25  Brood Lord  
  194  21:26  Corruptor x2, Brood Lord  
  194  21:29  Infestor x4  
  198  22:22  Drone x2  
  200  22:26  Spine Crawler  
  200  22:27  Overseer x3  
  200  22:28  Overlord x2  
  197  22:31  Drone x3  
  188  23:26  Corruptor x7  
  198  23:45  Drone x13  
  190  24:22  Corruptor x3  
  196  24:25  Brood Lord x2, Hatchery  
  199  24:32  Hatchery  
  198  25:03  Extractor  
  198  25:06  Extractor  
  196  25:12  Zergling x8  
  200  25:22  Hatchery  
  199  25:33  Baneling x8  
  199  25:39  Extractor  
  199  25:40  Extractor  
  194  25:46  Hatchery  
  190  26:09  Corruptor x3  
  190  26:11  Zergling x6  
  192  26:17  Overseer  
  187  26:22  Drone x3  
  187  26:23  Drone x3  
  189  26:28  Zerg Flyer Armor Level 3  
  189  26:31  Corruptor x6  
  196  26:59  Hatchery  
  189  27:08  Zergling x22  
  191  27:25  Corruptor  
  191  27:26  Extractor, Corruptor x7  
  192  27:41  Zergling x16  
  192  27:43  Baneling x11  
  198  28:01  Brood Lord  
  189  28:22  Extractor  
  172  28:29  Zergling x4, Ultralisk  
  172  28:30  Zergling x6  
  172  28:34  Spore Crawler  
  182  28:38  Zergling x30  
  193  28:47  Queen  
  193  28:52  Baneling x8  
  192  28:58  Corruptor x4  
  181  29:40  Corruptor x3  
  181  29:42  Drone  
  181  29:43  Drone x5  
  181  29:45  Infestor x3  
  198  30:10  Overlord  
  198  30:11  Overseer x8, Overlord x2  
  198  30:13  Hatchery  
  197  30:16  Overseer  
  192  30:21  Zergling x16  
  198  30:45  Baneling x9  
  198  31:07  Zergling x8  
  195  31:29  Zergling x10  
  139  32:13  Corruptor x12  
  159  32:23  Hatchery  
  105  32:58  Brood Lord x9  
  123  33:35  Drone  
Show
View Real Time Build Order
Export as new Build Order

ShoWTimE Protoss - Winner!

Build Orders: 1 Gate Expand, Oracle Opening, Archon Immortal 

Get SALT Encoding   

  12  0:00  Probe  
  13  0:12  Probe  
  14  0:19  Pylon  
  14  0:24  Probe  
  15  0:37  Probe (Chrono Boost)  
  15  0:39  Gateway  
  16  0:46  Probe (Chrono Boost)  
  16  0:48  Assimilator  
  17  0:52  Probe (Chrono Boost)  
  18  1:04  Probe  
  19  1:16  Probe  
  20  1:26  Nexus  
  20  1:34  Cybernetics Core  
  20  1:37  Probe  
  21  1:41  Assimilator  
  21  1:49  Probe  
  21  1:52  Pylon  
  22  2:01  Probe  
  22  2:07  Adept (Chrono Boost)  
  23  2:13  Probe  
  26  2:21  Stargate  
  26  2:25  Probe  
  26  2:28  Adept (Chrono Boost)  
  27  2:34  Warp Gate  
  29  2:38  Probe (Chrono Boost)  
  29  2:43  Probe (Chrono Boost)  
  31  2:47  Probe (Chrono Boost)  
  31  2:50  Adept  
  35  2:51  Probe (Chrono Boost)  
  35  2:52  Probe (Chrono Boost)  
  36  3:02  Probe  
  36  3:03  Pylon  
  36  3:04  Oracle (Chrono Boost), Probe  
  41  3:14  Probe  
  41  3:16  Probe  
  43  3:20  Adept  
  43  3:26  Probe  
  46  3:28  Probe  
  46  3:32  Gateway  
  45  3:37  Oracle (Chrono Boost)  
  45  3:38  Probe  
  49  3:42  Probe  
  49  3:45  Pylon  
  48  3:50  Probe  
  48  3:54  Probe  
  50  3:58  Nexus  
  50  4:03  Probe  
  50  4:05  Oracle (Chrono Boost)  
  50  4:06  Probe  
  55  4:10  Pylon  
  55  4:15  Assimilator  
  55  4:17  Assimilator  
  55  4:20  Probe x2  
  57  4:28  Adept x2  
  61  4:31  Pylon  
  61  4:32  Probe x2  
  63  4:44  Gateway, Probe x2  
  65  4:52  Robotics Facility, Forge  
  65  4:55  Adept  
  65  4:56  Probe, Adept  
  65  4:59  Probe  
  71  5:08  Probe  
  71  5:11  Probe  
  71  5:13  Probe  
  70  5:16  Sentry, Shield Battery  
  70  5:18  Sentry  
  70  5:20  Probe  
  73  5:23  Probe  
  73  5:25  Gateway, Probe  
  73  5:28  Protoss Ground Weapons Level 1  
  75  5:29  Pylon  
  75  5:35  Probe (Chrono Boost)  
  75  5:36  Probe (Chrono Boost)  
  75  5:38  Probe (Chrono Boost)  
  75  5:41  Twilight Council  
  74  5:46  Probe (Chrono Boost)  
  74  5:47  Immortal (Chrono Boost), Probe (Chrono Boost)  
  74  5:48  Probe (Chrono Boost)  
  74  5:49  Assimilator  
  81  5:51  Probe (Chrono Boost)  
  81  5:52  Probe (Chrono Boost)  
  81  5:53  Assimilator  
  83  5:57  Pylon  
  83  5:59  Gateway, Probe  
  83  6:02  Gateway  
  83  6:03  Probe  
  85  6:06  Gateway  
  85  6:07  Phoenix  
  84  6:15  Probe  
  84  6:17  Charge (Chrono Boost)  
  85  6:20  Gateway  
  85  6:22  Immortal (Chrono Boost)  
  85  6:25  Zealot x3  
  94  6:28  Probe  
  94  6:31  Probe  
  94  6:35  Sentry  
  96  6:40  Photon Cannon  
  96  6:43  Templar Archives  
  96  6:49  Phoenix  
  96  6:50  Pylon  
  96  6:52  Nexus, Observer (Chrono Boost)  
  97  6:55  Pylon  
  97  6:57  Probe x3  
  100  7:02  Zealot x4  
  108  7:09  Probe x2  
  108  7:11  Photon Cannon  
  110  7:15  Immortal (Chrono Boost)  
  110  7:21  Probe x2  
  110  7:22  Probe  
  117  7:24  Photon Cannon  
  117  7:26  Shield Battery  
  117  7:27  High Templar x2  
  117  7:28  Shield Battery  
  121  7:31  Protoss Ground Weapons Level 2 (Chrono Boost)  
  121  7:32  Archon  
  121  7:33  High Templar  
  121  7:34  High Templar  
  121  7:35  Pylon  
  125  7:38  Assimilator  
  125  7:41  Archon, Pylon  
  125  7:43  Assimilator  
  125  7:44  Psionic Storm  
  125  7:53  Probe x3, Phoenix  
  125  7:58  Gateway  
  128  8:00  Gateway  
  128  8:02  Gateway  
  128  8:03  Warp Prism (Chrono Boost)  
  130  8:06  Probe  
  130  8:07  Probe  
  130  8:09  Probe  
  130  8:10  High Templar  
  130  8:11  High Templar  
  137  8:13  High Templar x2  
  137  8:17  Pylon  
  141  8:24  Photon Cannon  
  141  8:27  Pylon  
  141  8:29  Immortal (Chrono Boost)  
  141  8:30  Photon Cannon  
  141  8:32  High Templar x2  
  149  8:37  Pylon  
  149  8:44  Photon Cannon  
  149  8:45  Photon Cannon  
  149  8:46  Photon Cannon  
  149  8:51  Photon Cannon  
  149  8:53  Photon Cannon  
  149  8:54  Blink  
  149  8:58  Immortal (Chrono Boost)  
  153  9:07  Shield Battery  
  153  9:08  Zealot x3  
  153  9:09  Pylon x2  
  159  9:16  Zealot x5  
  169  9:25  Fleet Beacon  
  169  9:30  Immortal  
  173  9:32  Zealot  
  173  9:33  Probe  
  176  9:43  Protoss Ground Weapons Level 3 (Chrono Boost)  
  176  9:44  Pylon  
  176  9:52  High Templar x3  
  178  9:53  High Templar  
  178  9:57  Archon x2  
  178  9:59  Stalker  
  170  10:01  Stargate  
  170  10:05  Nexus  
  170  10:06  Protoss Air Weapons Level 1 (Chrono Boost)  
  160  10:08  Pylon  
  160  10:09  Immortal  
  160  10:10  Photon Cannon  
  160  10:20  Photon Cannon  
  160  10:21  Probe  
  161  10:22  Photon Cannon  
  161  10:23  Shield Battery, Probe  
  161  10:24  Shield Battery  
  161  10:26  Assimilator  
  161  10:27  Stargate  
  162  10:30  Assimilator  
  162  10:35  Zealot x7  
  182  10:51  Mothership (Chrono Boost), Photon Cannon  
  182  10:52  Shield Battery  
  182  10:55  Observer (Chrono Boost)  
  173  11:18  High Templar x4, Forge  
  179  11:22  Archon, Probe (Chrono Boost)  
  179  11:23  Archon, Probe (Chrono Boost)  
  181  11:25  Zealot  
  181  11:26  Zealot x6  
  183  11:57  Zealot x8  
  199  12:04  Protoss Air Weapons Level 2 (Chrono Boost)  
  199  12:07  Protoss Shields Level 1 (Chrono Boost)  
  185  12:08  Photon Cannon  
  185  12:10  Photon Cannon  
  185  12:11  Photon Cannon  
  185  12:13  Photon Cannon  
  185  12:15  Shield Battery  
  185  12:18  Pylon  
  185  12:20  Zealot x4  
  193  12:24  High Templar x2  
  193  12:25  Nexus  
  193  12:26  Pylon  
  193  12:30  Stargate, Immortal (Chrono Boost)  
  193  12:34  Stargate  
  185  12:38  Stalker  
  185  12:39  Stalker x4  
  185  12:42  Robotics Facility  
  184  12:47  Protoss Ground Armor Level 1 (Chrono Boost)  
  184  12:49  Robotics Facility  
  186  12:57  Mothership (Chrono Boost)  
  174  13:02  Archon, Immortal (Chrono Boost)  
  174  13:03  High Templar x3  
  174  13:04  High Templar  
  186  13:08  Archon x2  
  186  13:09  Photon Cannon  
  186  13:11  Photon Cannon  
  186  13:13  Photon Cannon  
  182  13:29  Immortal  
  180  13:34  Immortal  
  180  13:44  Zealot x6  
  180  13:45  Zealot x3  
  180  13:47  Probe x2  
  192  14:01  Immortal  
  196  14:04  Protoss Shields Level 2 (Chrono Boost)  
  196  14:08  Immortal  
  197  14:15  High Templar  
  197  14:16  High Templar  
  195  14:25  High Templar x2  
  195  14:27  Pylon  
  195  14:29  Archon x2  
  191  14:34  Observer  
  191  14:35  Nexus  
  191  14:38  Pylon  
  190  14:54  Protoss Air Weapons Level 3 (Chrono Boost)  
  181  15:04  Zealot x11  
  179  15:09  Immortal  
  175  15:14  Probe x2 (Chrono Boost)  
  175  15:15  Probe x2 (Chrono Boost)  
  175  15:20  Probe (Chrono Boost)  
  180  15:24  Probe x4 (Chrono Boost)  
  180  15:28  Probe (Chrono Boost)  
  185  15:29  Photon Cannon  
  185  15:31  Photon Cannon  
  185  15:33  Photon Cannon  
  185  15:35  Photon Cannon  
  185  15:37  Photon Cannon  
  185  15:40  High Templar x6  
  185  15:41  High Templar, Photon Cannon  
  188  15:43  Shield Battery  
  188  15:44  Archon x2  
  188  15:45  Archon, Shield Battery  
  188  15:46  High Templar  
  186  15:51  Archon  
  186  15:59  Zealot x3  
  188  16:10  Probe x4  
  183  16:13  Protoss Shields Level 3 (Chrono Boost)  
  183  16:14  Probe  
  180  16:19  High Templar x4  
  180  16:22  Probe x2  
  180  16:23  Archon x2  
  190  16:29  Protoss Ground Armor Level 2 (Chrono Boost)  
  190  16:36  Zealot x5  
  199  16:46  Tempest  
  190  17:13  Zealot x7  
  196  17:23  Tempest  
  196  17:24  Tempest x2  
  196  17:27  Nexus  
  196  17:29  Tempest  
  199  17:39  Zealot  
  197  17:46  Protoss Air Armor Level 1 (Chrono Boost)  
  189  17:53  Photon Cannon  
  187  18:01  High Templar x2  
  189  18:07  High Templar x3  
  189  18:08  High Templar  
  189  18:11  Archon x2  
  197  18:25  Photon Cannon  
  197  18:27  Shield Battery  
  197  18:30  Shield Battery  
  190  18:49  Nexus  
  190  18:50  Pylon  
  190  18:55  Nexus  
  190  19:01  Pylon  
  190  19:06  Oracle (Chrono Boost)  
  190  19:08  Immortal x2 (Chrono Boost)  
  193  19:14  Photon Cannon  
  193  19:16  Photon Cannon  
  198  19:18  Photon Cannon  
  198  19:19  Zealot  
  198  19:20  Photon Cannon  
  198  19:21  Shield Battery  
  198  19:22  Shield Battery  
  200  19:24  Shield Battery  
  200  19:25  Protoss Ground Armor Level 3 (Chrono Boost), Shield Battery  
  200  19:27  Assimilator  
  200  19:32  Assimilator  
  200  19:34  Shield Battery, Pylon  
  200  19:39  Protoss Air Armor Level 2 (Chrono Boost)  
  200  19:53  Observer x2 (Chrono Boost)  
  200  20:56  Oracle  
  194  21:55  Zealot x2  
  194  21:56  Zealot  
  194  21:59  Dark Shrine  
  200  22:05  Protoss Air Armor Level 3 (Chrono Boost)  
  192  22:20  Observer  
  192  22:21  Zealot x3  
  199  22:23  Unknown  
  199  22:28  Shield Battery  
  199  22:29  Shield Battery  
  193  22:31  Shield Battery  
  193  22:32  Shield Battery  
  193  22:33  Shield Battery  
  193  22:35  Shield Battery  
  193  22:37  Pylon  
  179  23:26  Tempest x2  
  180  23:30  Zealot x10  
  198  23:45  Mothership (Chrono Boost)  
  198  23:54  Nexus  
  198  23:59  Gateway  
  192  24:03  Gateway  
  192  24:06  Gateway  
  192  24:09  Gateway  
  176  24:16  Observer  
  170  24:19  Carrier x3 (Chrono Boost)  
  170  24:20  Carrier x2 (Chrono Boost)  
  200  24:30  Observer x2 (Chrono Boost)  
  178  24:46  Zealot x4  
  178  24:47  Zealot x7  
  200  25:12  Nexus  
  200  25:13  Pylon  
  200  25:22  Pylon  
  192  25:34  Photon Cannon  
  178  25:35  Photon Cannon  
  178  25:37  Photon Cannon  
  178  25:39  Photon Cannon  
  178  25:41  Photon Cannon  
  178  25:44  Photon Cannon, Shield Battery  
  178  25:47  Shield Battery  
  178  25:48  Shield Battery  
  178  25:52  Carrier x2 (Chrono Boost)  
  178  25:53  Shield Battery  
  178  25:57  Pylon  
  196  26:02  Carrier (Chrono Boost)  
  196  26:10  Zealot x2  
  200  26:14  Photon Cannon  
  200  26:19  Photon Cannon  
  200  26:21  Photon Cannon  
  200  26:23  Assimilator  
  188  26:48  Carrier x2  
  196  27:11  Zealot x4  
  191  27:18  Probe x2 (Chrono Boost)  
  191  27:19  Probe x3 (Chrono Boost)  
  180  27:22  Probe (Chrono Boost)  
  180  27:29  Probe x2 (Chrono Boost)  
  185  27:30  Probe x3 (Chrono Boost)  
  185  27:33  Probe (Chrono Boost)  
  175  27:37  Zealot x10  
  175  27:38  Zealot x2  
  199  27:47  Probe  
  199  27:48  Photon Cannon  
  199  27:50  Photon Cannon  
  196  27:53  Photon Cannon  
  196  27:54  Photon Cannon  
  196  27:57  Photon Cannon  
  189  27:59  Oracle  
  189  28:00  Shield Battery  
  192  28:06  Stalker x4  
  181  28:27  Probe x4  
  181  28:28  Probe  
  181  28:30  Carrier  
  181  28:31  Carrier  
  198  29:00  Observer  
  199  29:03  Assimilator  
  191  29:50  High Templar x4  
  197  29:56  Observer (Chrono Boost)  
  197  30:13  Observer (Chrono Boost)  
  183  30:26  Photon Cannon  
  173  30:28  Photon Cannon  
  173  30:30  Photon Cannon  
  173  30:32  Pylon  
  173  30:44  Zealot x13  
  186  31:24  High Templar x5  
  186  31:25  High Templar  
  198  31:28  Archon  
  198  31:29  Archon x2  
  172  31:52  Zealot x9  
  186  32:05  Nexus  
  186  32:07  Pylon  
  182  32:10  Stalker x6  
  182  32:14  Stalker x5  
  185  32:37  High Templar x9  
  199  32:44  Archon x2  
  196  32:53  Nexus  
  189  33:07  High Templar  
  189  33:11  Archon  
  189  33:12  Archon  
  191  33:14  Nexus  
  191  33:17  Photon Cannon  
  191  33:18  Photon Cannon  
  191  33:19  Observer  
  191  33:20  Photon Cannon  
  191  33:22  Photon Cannon  
  191  33:32  Probe x2  
  191  33:33  Probe x3  
  188  33:38  Photon Cannon  

Tags
 
Add a new tag
Caveats
  • Supply blocks, unpowered buildings, or Contaminate may cause inaccurate times.
  • Supply counts are checked every 10 seconds.